 Dungeon Crawl Stone Soup version 0.28.0-47-ge53b351184 (webtiles) character file.

Game seed: 2211320864807848924

184 NinjaNoafa the Skirmisher (level 5, -1/47 HPs)
             Began as a Minotaur Monk on May 6, 2022.
             Slain by an iguana (7 damage)
             ... on level 2 of the Dungeon.
             The game lasted 00:02:26 (1941 turns).

NinjaNoafa the Skirmisher (Minotaur Monk)           Turns: 1941, Time: 00:02:26

Health: -1/47      AC:  7    Str: 18    XL:     5   Next: 36%
Magic:  4/4        EV: 11    Int:  7    God:
Gold:   33         SH:  0    Dex: 12    Spells: 4/4 levels left

rFire   . . .      SeeInvis .   a - +0 hand axe
rCold   . . .      Faith    .   (no shield)
rNeg    + . .      Spirit   .   i - +0 ring mail
rPois   .          Reflect  .   (helmet restricted)
rElec   .          Harm     .   (no cloak)
rCorr   .          Rampage  .   (no gloves)
Will    .....                   j - +0 pair of boots
Stlth   +.........              (no amulet)
HPRegen 0.15/turn               b - ring of positive energy
MPRegen 0.09/turn               (no ring)

@: very slow
A: horns 2, retaliatory headbutt
a: no special abilities


You were on level 2 of the Dungeon.
You visited 1 branch of the dungeon, and saw 2 of its levels.

You collected 33 gold pieces.

Inventory:

Hand Weapons
 a - a +0 hand axe (weapon)
Missiles
 d - 4 poisoned darts (quivered)
Armour
 i - a +0 ring mail (worn)
 j - a +0 pair of boots (worn)
Jewellery
 b - a ring of positive energy (left hand)
Wands
 q - a wand of flame (17)
Scrolls
 h - a scroll of immolation {unknown}
 n - a scroll of vulnerability {unknown}
 o - a scroll of identify {unknown}
 p - a scroll of brand weapon {unknown}
Potions
 c - 4 potions of flight {unknown}
 e - 2 potions of might {unknown}
 f - a potion of heal wounds {unknown}
 g - a potion of attraction {unknown}
 k - a potion of degeneration {unknown}
 l - 2 potions of curing {unknown}
 m - 2 potions of mutation {unknown}


   Skills:
 + Level 4.8 Fighting
 + Level 4.8 Axes
 * Level 4.3 Armour
 - Level 3.2 Dodging
 - Level 1.5 Stealth


You had 4 spell levels left.
You didn't know any spells.
Your spell library contained the following spells:

 Spells                   Type           Power      Damage    Failure   Level
 Frozen Ramparts          Ice            0%         1d2       93%         3
 Ice Form                 Ice/Tmut       0%         N/A       100%        4
 Summon Ice Beast         Ice/Summ       0%         N/A       100%        4


Dungeon Overview and Level Annotations

Branches:
Dungeon (2/15)

Altars:


Innate Abilities, Weirdness & Mutations

You have a pair of horns on your head.
You reflexively headbutt those who attack you in melee.


Message History

Your unstable footing causes you to fumble your attack.
The iguana closely misses you. You furiously retaliate!
You headbutt the iguana, but do no damage.
The iguana bites you.
You barely miss the iguana. You headbutt the iguana.
The iguana is lightly wounded.
You hit the plant.
The plant begins to die.
You hit the plant.
The plant begins to die.
The iguana bites you.
You slash the iguana! You headbutt the iguana.
The iguana is heavily wounded.
You hit the plant. x2; The iguana bites you.
Your unstable footing causes you to fumble your attack.
A nearby plant withers and dies.
The iguana splashes around in the water.
You hit the iguana.
The iguana is severely wounded.
You hit the plant.
A nearby plant withers and dies.
The iguana bites you.
You closely miss the iguana.
The iguana is severely wounded.
The iguana bites you but does no damage.
You hit the iguana.
The iguana is almost dead.
The iguana bites you!
* * * LOW HITPOINT WARNING * * *
You closely miss the iguana.
You headbutt the iguana, but do no damage.
The iguana is almost dead.
The iguana splashes around in the water.
You hit the iguana but do no damage.
The iguana is almost dead.
The iguana splashes around in the water.
Your unstable footing causes you to fumble your attack.
The iguana bites you!
* * * LOW HITPOINT WARNING * * *
Your unstable footing causes you to fumble your attack.
The iguana splashes around in the water.
You hit the iguana but do no damage. Your headbutt misses the iguana.
The iguana is almost dead.
The iguana bites you!
You die...

..# ..### ....# ###.#
##.#### #.....###
#.......#
##.......######♣♣♣
.#.......≈≈≈≈≈≈≈@♣♣♣
....###...≈≈P≈≈≈≈lP♣
....# #..≈P≈P≈P≈≈≈≈≈≈♣
....# #...P≈≈≈P≈≈≈≈≈≈≈♣
....# #...≈≈≈≈≈≈≈≈≈≈≈≈♣
....# #...≈≈PP≈≈≈≈≈≈≈≈♣
....# #..PP≈≈P≈≈≈≈≈≈≈≈♣
..#.###...P≈P≈≈≈≈≈≈≈≈♣♣
.........≈≈≈≈≈≈≈≈≈≈≈♣♣


You could see an iguana.

Vanquished Creatures
  A necrophage (D:2)
  A gnoll (D:1)
  4 adders (D:2)
  A dart slug (D:1)
  10 endoplasms
  3 giant cockroaches (D:1)
  4 goblins
  4 hobgoblins (D:1)
  2 jackals (D:2)
  3 kobolds
  A quokka (D:2)
  3 ball pythons
  8 bats
  5 frilled lizards
  A jackal skeleton (D:2)
  3 rats (D:1)
54 creatures vanquished.

Vanquished Creatures (others)
  24 plants
24 creatures vanquished.

Grand Total: 78 creatures vanquished

Notes
Turn   | Place    | Note
-------+----------+-------------------------------------------
     0 | D:1      | NinjaNoafa the Minotaur Monk began the quest for the Orb.
     0 | D:1      | Reached XP level 1. HP: 19/19 MP: 0/0
    95 | D:1      | Reached skill level 1 in Armour
   112 | D:1      | Reached XP level 2. HP: 22/27 MP: 1/1
   442 | D:1      | Found a faded altar of an unknown god.
   495 | D:1      | Reached XP level 3. HP: 29/33 MP: 2/2
  1351 | D:2      | Reached XP level 4. HP: 37/40 MP: 3/3
  1638 | D:2      | Noticed a necrophage
  1647 | D:2      | Killed a necrophage
  1648 | D:2      | Reached XP level 5. HP: 43/47 MP: 4/4
  1941 | D:2      | Slain by an iguana

Illustrated notes

Levels and vault maps discovered:
D:1:      dpeg_arrival_rhombi, layout_basic,
          shapermc_ecumenical_altar_acropolis, minmay_cupped
D:2:      layout_basic, serial_bayou, serial_bayou_pond_b, serial_bayou_pond_a,
          serial_bayou_ford_a, serial_bayou_lake_a, serial_bayou_shore_a,
          minmay_circle_x

Skill      XL: |  1  2  3  4 |
---------------+-------------+-----
Armour         | 1 2 3 4 |  4.3
Fighting       | 4 |  4.8
Axes           | 4 |  4.8
Dodging        | |  3.2
Stealth        | |  1.5

Action                   |  1- 3 |  4- 6 || total
-------------------------+-------+-------++-------
Melee: Hand axe          |    73 |    57 ||   130
       Headbutt          |    18 |    11 ||    29
       Punch             |       |     1 ||     1
Throw: Dart              |    13 |       ||    13
Evoke: Wand              |       |     2 ||     2
 Stab: Sleeping          |     1 |     1 ||     2
Armor: Robe              |    11 |       ||    11
       Ring mail         |    12 |    16 ||    28
Dodge: Dodged            |    61 |    41 ||   102
